 Dungeon Crawl Stone Soup version 0.22.0-21-g8bd1b0a (webtiles) character file.

36278 Gorglomux the Fighter (level 13, -2/148 HPs)
             Began as an Ogre Fire Elementalist on Aug 19, 2018.
             Was an Elder of Ashenzari.
             Slain by a hell rat (4 damage)
             ... on level 6 of the Lair of Beasts.
             The game lasted 00:31:17 (24544 turns).

Gorglomux the Fighter (Ogre Fire Elementalist)     Turns: 24544, Time: 00:31:18

Health: -2/148     AC:  6    Str: 17    XL:     13   Next: 89%
Magic:  25/27      EV: 10    Int: 18    God:    Ashenzari [****..]
Gold:   786        SH: 12    Dex:  9    Spells: 11/33 levels left

rFire    + . .     SeeInvis +   X - +0 war axe (curse)
rCold    x . .     Gourm    .   x - +0 shield (curse)
rNeg     . . .     Faith    .   a - +2 robe (curse)
rPois    +         Spirit   .   (helmet restricted)
rElec    .         Reflect  +   J - +0 cloak
rCorr    .         Harm     .   (gloves unavailable)
MR       +....     Clarity  +   (boots unavailable)
Stlth    +.........             H - +3 amulet of reflection
HPRegen  0.34/turn              S - ring of fire (curse)
MPRegen  0.20/turn              o - ring of poison resistance (curse)

@: heavily drained
A: large, unfitting armour, tough skin 1
a: Curse Item, Scrying, Renounce Religion


You were on level 6 of the Lair of Beasts.
You worshipped Ashenzari.
Ashenzari was greatly pleased with you.
You were hungry.

You visited 3 branches of the dungeon, and saw 19 of its levels.
You also visited: Ossuary.

You collected 1026 gold pieces.
You spent 240 gold pieces at shops.

Inventory:

Hand Weapons
 h - a +0 dagger
 E - a +0 broad axe
 X - a cursed +0 war axe (weapon)
Armour
 a - a cursed +2 robe (worn)
 x - a cursed +0 shield (worn)
 J - a +0 cloak (worn)
 N - a +1 troll leather armour {Snorg}
Jewellery
 f - an uncursed ring of protection from fire
 l - an uncursed ring of flight
 o - a cursed ring of poison resistance (right hand)
 D - an uncursed ring of ice
 H - a +3 amulet of reflection (around neck)
 S - a cursed ring of fire (left hand)
Wands
 A - a wand of acid (9)
 I - a wand of iceblast (7)
 P - a wand of paralysis (10)
Scrolls
 n - 4 scrolls of fog
 t - 2 scrolls of fear
 y - 2 scrolls of enchant weapon
 B - 3 scrolls of blinking
 F - a scroll of remove curse
 K - 2 scrolls of enchant armour
 L - 2 scrolls of amnesia
 M - 3 scrolls of magic mapping
 R - 5 scrolls of identify
 T - 4 scrolls of teleportation
 U - 3 scrolls of immolation
Potions
 g - 5 potions of mutation {!q}
 j - 3 potions of resistance
 k - 4 potions of heal wounds
 u - a potion of berserk rage
 z - 7 potions of might
 C - 2 potions of flight
 G - 5 potions of magic
 O - a potion of agility {unknown}
 Q - 5 potions of curing
 V - 3 potions of lignification
 W - 3 potions of haste
 Y - 2 potions of ambrosia
 Z - a potion of invisibility
Comestibles
 c - 31 rations
 w - a chunk of flesh


   Skills:
 + Level 14.3(11.2) Fighting
 + Level 6.5(7.2) Axes
 + Level 6.3(3.8) Dodging
 - Level 1.4(0.0) Stealth
 - Level 6.6(6.2) Shields
 - Level 10.6(7.8) Spellcasting
 - Level 8.8(8.1) Conjurations
 + Level 1.1(0.2) Necromancy
 - Level 3.1(2.6) Translocations
 - Level 9.2(8.5) Fire Magic
 + Level 1.1(0.2) Earth Magic


You had 11 spell levels left.
You knew the following spells:

 Your Spells              Type           Power        Failure   Level  Hunger
a - Flame Tongue          Conj/Fire      #####        1%          1    None
b - Throw Flame           Conj/Fire      ######       1%          2    None
c - Sticky Flame          Conj/Fire      ######..     6%          4    ###....
d - Fireball              Conj/Fire      ######....   16%         5    #####..
e - Blink                 Tloc           N/A          9%          2    None
f - Borgnjor's Vile Clut  Necr/Erth      #.........   99%         5    #####..
j - Conjure Flame         Conj/Fire      ######..     1%          3    #......

Your spell library contained the following spells:

 Spells                   Type           Power        Failure   Level  Hunger
 Magic Dart               Conj           ####         1%          1    None
 Throw Frost              Conj/Ice       ###...       4%          2    None
 Inner Flame              Hex/Fire       ####....     10%         3    #......
 Mephitic Cloud           Conj/Pois/Air  ###.....     17%         3    #......
 Freeze                   Ice            #...         19%         1    None
 Call Imp                 Summ           #.......     26%         2    None
 Ensorcelled Hibernation  Hex/Ice        #.....       26%         2    None
 Slow                     Hex            #.......     26%         2    None
 Throw Icicle             Conj/Ice       ###.....     32%         4    ###....
 Ozocubu's Armour         Chrm/Ice       #.......     47%         3    #......
 Summon Ice Beast         Ice/Summ       #.......     87%         4    ###....
 Silence                  Hex/Air        #.........   99%         5    #####..
 Darkness                 Hex            #.........   100%        6    ######.
 Shadow Creatures         Summ           N/A          100%        6    ######.


Dungeon Overview and Level Annotations

Branches:
Dungeon (12/15)            Temple (1/1) D:7            Lair (6/6) D:8
  Swamp (0/4) Lair:3       Spider (0/4) Lair:4
  Slime: Lair:5-6       Orc: D:9-12

Altars:
Ashenzari
Cheibriados
Dithmenos
Elyvilon
Fedhas
Gozag
Hepliaklqana
Kikubaaqudgha
Makhleb
Nemelex Xobeh
Okawaru
Qazlal
Ru
Sif Muna
Trog
Uskayaw
Vehumet
Wu Jian
Xom
Yredelemnul
Zin
The Shining One

Shops:
D:9 %}=((

Annotations:
D:6 1 exclusion


Innate Abilities, Weirdness & Mutations

You are too large for most types of armour.
You have tough skin. (AC +1)


Message History

Butt a stone staircase leading butt!
There is an open door here!
Evoke which item? (* to show all) (? for menu, Esc to quit)
Aiming: Paralyse
Press: ? - help, Shift-Dir - straight butt, f - hell rat
Aim: a hell rat (chance to defeat MR: 46%)
Okay, then!
You feel much better!
The hell rat bites you!!! * * * don't die
* * * You feel drained! * * * don't die
* * * You block the hell rat's attack!
Found 13 gold pieces!
Butt block the hell rat's attack!
There is a stone staircase leading up here!
The hell rat bites butt!!! * * * don't die
* * * You feel drained! rip

, ,, , , ,*.... #r.. ,,
,, .... < ,.#.......#..
.....,,, ...#...#(#....
, .$....
,,.....##...#.. ,, ,
,,......,,,
..........., * , ,
,......######..#.....#,
,,,,
,....#.♣.#....#.♣.♣.##
,#...r.#..#...††..#.. ,
, ,,,
♣.@r.r.....†<...... , ,
, , ,,,,
#...l.#..#..........
,,,,,
##.♣.##..#..♣.♣.##.. ,,
,, #####.l..#........#
, ,,* #.......(..÷.....
, ,, ,
,*#....##.#....##.## ,
,, * #.... #..###.# .#
, ,#.....,#...,,... # ,
, , ,, ##.... .##..
..##


You could see a komodo dragon and 3 hell rats.

Vanquished Creatures
  Snorg (Lair:3)
  4 hydras
  A two-headed ogre (D:11)
  Urug (Lair:2)
  An unseen horror (D:10)
  A wolf spider (Lair:4)
  Maurice (D:9)
  An elephant (D:8)
  Joseph (D:7)
  A black mamba (Lair:3)
  3 gargoyles (D:10)
  6 spiny frogs
  5 rime drakes
  11 komodo dragons
  3 meliai (D:11)
  3 jumping spiders (Lair:4)
  2 trolls
  14 blink frogs
  6 hippogriffs
  16 dream sheep
  3 wraiths
  A wyvern (Lair:3)
  35 yaks
  2 basilisks
  4 hogs (D:9)
  A human (D:9)
  2 vampire mosquitoes (D:11)
  An acid dragon (D:11)
  8 water moccasins
  4 porcupines
  A sky beast (D:7)
  2 black bears
  6 orc warriors
  A hornet zombie (D:6)
  4 ogres
  An eye of draining (D:11)
  2 phantoms
  9 wolves
  3 centaurs
  10 crocodiles
  12 bullfrogs
  A wyvern skeleton (D:6)
  3 scorpions
  17 wights
  3 crimson imps
  A bullfrog zombie (D:9)
  A centaur zombie (D:4)
  2 hounds
  4 orc priests
  3 jellies
  13 orc wizards
  4 iguanas
  3 hell rats
  9 worker ants
  2 worker ant zombies
  A howler monkey skeleton (D:11)
  3 gnolls (D:5)
  8 adders
  5 shadow imps
  An ooze (D:6)
  3 adder zombies (Ossuary)
  2 adder skeletons (D:4)
  3 worms
  2 dart slugs (D:1)
  4 leopard geckos
  56 orcs
  7 goblins
  9 hobgoblins
  4 jackals (D:3)
  6 quokkas
  A ball python (D:4)
  4 bats
  6 frilled lizards
  A giant cockroach zombie (D:5)
  A hobgoblin skeleton (Ossuary)
  3 hobgoblin zombies (Ossuary)
  6 kobolds
  An orc skeleton (Ossuary)
  A quokka skeleton (D:8)
  10 rats
  A fungus (Lair:1)
409 creatures vanquished.

Vanquished Creatures (others)
  2 bushes (Lair:5)
  6 fungi
  4 plants
12 creatures vanquished.

Grand Total: 421 creatures vanquished

Notes
Turn   | Place    | Note
-------+----------+-------------------------------------------
     0 | D:1      | Gorglomux the Ogre Fire Elementalist began the quest for the Orb.
     0 | D:1      | Reached XP level 1. HP: 16/16 MP: 3/3
    35 | D:1      | Reached skill level 1 in Conjurations
   148 | D:1      | Reached XP level 2. HP: 16/26 MP: 0/5
   287 | D:1      | Reached skill level 1 in Fighting
  1047 | D:2      | Reached skill level 3 in Fire Magic
  1050 | D:2      | Reached XP level 3. HP: 33/33 MP: 0/7
  1195 | D:2      | Learned a level 2 spell: Throw Flame
  1199 | D:2      | Learned a level 3 spell: Conjure Flame
  1357 | D:2      | Reached skill level 3 in Spellcasting
  1482 | D:2      | Reached skill level 2 in Fighting
  1740 | D:2      | Found a faded altar of an unknown god.
  1953 | D:3      | Reached XP level 4. HP: 41/42 MP: 4/8
  2395 | D:3      | Reached XP level 5. HP: 47/52 MP: 6/10
  2473 | D:3      | Reached skill level 3 in Fighting
  2978 | D:4      | Noticed an ogre
  2987 | D:4      | Killed an ogre
  2987 | D:4      | Reached XP level 6. HP: 62/62 MP: 0/12
  3189 | D:4      | Reached skill level 4 in Fighting
  3597 | D:4      | Reached skill level 3 in Conjurations
  3951 | D:5      | Entered Level 5 of the Dungeon
  3967 | D:4      | Reached XP level 7. HP: 41/71 MP: 2/13
  4196 | D:5      | Learned a level 4 spell: Sticky Flame
  4284 | D:5      | Reached skill level 5 in Fighting
  5075 | D:6      | Reached XP level 8. HP: 64/81 MP: 11/15
  5542 | D:6      | Reached skill level 6 in Fighting
  5626 | D:6      | Found a sacrificial altar of Ru.
  6084 | D:6      | Reached skill level 6 in Spellcasting
  6317 | D:7      | Found a staircase to the Ecumenical Temple.
  6359 | Temple   | Entered the Ecumenical Temple
  6592 | Temple   | Became a worshipper of Ashenzari the Shackled
  6642 | D:7      | Noticed a wraith
  6781 | D:7      | Noticed Joseph
  7553 | D:7      | Killed a wraith
  7553 | D:7      | Reached skill level 7 in Fighting
  7553 | D:7      | Reached XP level 9. HP: 93/93 MP: 6/18
  7555 | D:7      | Paralysed by Joseph for 4 turns
  7566 | D:7      | Killed Joseph
  7566 | D:7      | Reached skill level 6 in Fire Magic
  8207 | D:7      | Reached skill level 8 in Fighting
  8723 | D:8      | Found a staircase to the Lair.
  8731 | D:8      | Learned a level 5 spell: Fireball
  8831 | D:8      | Noticed an elephant
  8834 | D:8      | Reached skill level 6 in Conjurations
  9196 | D:8      | Found a sand-covered staircase.
  9222 | Ossuary  | Entered an ossuary
  9545 | Ossuary  | Reached XP level 10. HP: 106/106 MP: 1/21
  9801 | Ossuary  | Reached skill level 9 in Fighting
  9948 | D:8      | Killed an elephant
 10342 | D:8      | Learned a level 2 spell: Blink
 10581 | D:9      | Reached skill level 1 in Translocations
 10725 | D:9      | Found Eliwiny's Gadget Emporium.
 11099 | D:9      | Reached skill level 10 in Fighting
 11386 | D:9      | Reached * piety under Ashenzari
 11418 | D:9      | Found Raonuc's Weapon Shop.
 11454 | D:9      | Found Iclahu's Food Emporium.
 11649 | D:9      | Reached skill level 9 in Spellcasting
 11655 | D:9      | Found Koaky's Jewellery Shop.
 11665 | D:9      | Bought an uncursed ring of poison resistance for 240 gold pieces
 11681 | D:9      | Noticed Maurice
 11689 | D:9      | Killed Maurice
 11809 | D:9      | Identified the cursed +1 chain mail of Aczohudwe {rF+ MR+ Int-2} (You found it on level 5 of the Dungeon)
 11847 | D:9      | Reached XP level 11. HP: 115/119 MP: 20/24
 11964 | D:9      | Found Iduxari's Antique Weapon Boutique.
 12052 | D:10     | Entered Level 10 of the Dungeon
 12352 | D:10     | Reached skill level 3 in Translocations
 12779 | D:10     | Noticed an unseen horror
 12781 | D:10     | Killed an unseen horror
 13736 | D:11     | Noticed a six-headed hydra
 13740 | D:11     | Reached skill level 11 in Fighting
 13747 | D:11     | Killed a six-headed hydra
 14353 | D:11     | Noticed a two-headed ogre
 14361 | D:11     | Killed a two-headed ogre
 15034 | D:11     | Reached skill level 9 in Fire Magic
 15511 | Lair:1   | Entered Level 1 of the Lair of Beasts
 15511 | Lair:1   | Noticed an eight-headed hydra
 15514 | Lair:1   | Killed an eight-headed hydra
 15514 | Lair:1   | Reached skill level 12 in Fighting
 15514 | Lair:1   | Reached XP level 12. HP: 128/132 MP: 10/26
 16510 | Lair:1   | Reached skill level 1 in Axes
 16593 | Lair:1   | Noticed an eight-headed hydra
 16627 | Lair:1   | Killed an eight-headed hydra
 16885 | Lair:1   | Reached skill level 3 in Dodging
 17262 | Lair:1   | Reached ** piety under Ashenzari
 17518 | Lair:1   | Reached skill level 3 in Axes
 18011 | Lair:2   | Reached skill level 13 in Fighting
 18190 | Lair:2   | Noticed Urug
 18215 | Lair:2   | Killed Urug
 19828 | Lair:3   | Noticed Snorg
 19833 | Lair:3   | Killed Snorg
 19833 | Lair:3   | Reached XP level 13. HP: 145/145 MP: 6/27
 19922 | Lair:3   | Reached *** piety under Ashenzari
 20285 | Lair:3   | Identified the +1 leather armour of the Beginning {Str+7}
 20335 | Lair:3   | Reached skill level 1 in Shields
 20465 | Lair:3   | Reached skill level 3 in Shields
 20754 | Lair:3   | Found a staircase to the Swamp.
 21860 | Lair:4   | Reached skill level 6 in Shields
 21908 | Lair:4   | Identified the +7 flail of Greed {freeze, +Inv rPois SInv Stlth-}
 21941 | Lair:4   | Found a hole to the Spider Nest.
 22464 | Lair:4   | Reached **** piety under Ashenzari
 22997 | Lair:5   | Reached skill level 14 in Fighting
 23251 | Lair:5   | Reached skill level 6 in Axes
 23435 | Lair:5   | Reached skill level 6 in Dodging
 23885 | Lair:5   | Learned a level 5 spell: Borgnjor's Vile Clutch
 24268 | Lair:6   | Entered Level 6 of the Lair of Beasts
 24413 | Lair:5   | Reached skill level 1 in Necromancy
 24413 | Lair:5   | Reached skill level 1 in Earth Magic
 24544 | Lair:6   | HP: 2/148 [hell rat (17)]
 24544 | Lair:6   | Slain by a hell rat

Skill      XL: |  1  2  3  4  5  6  7  8  9 10 11 12 13 |
---------------+----------------------------------------+-----
Conjurations   | 1 2 3 5 6 7 8 |  8.8
Fighting       | 1 2 3 4 5 7 8 10 12 13 14 | 14.3
Fire Magic     | 3 4 5 6 7 9 |  9.2
Spellcasting   | 3 4 5 6 7 9 10 | 10.6
Translocations | 2 3 |  3.1
Dodging        | 5 6 |  6.3
Axes           | 5 6 |  6.5
Shields        | 6 |  6.6
Necromancy     | 1 |  1.1
Earth Magic    | 1 |  1.1
Stealth        | |  1.4

Action                   |  1- 3 |  4- 6 |  7- 9 | 10-12 | 13-15 || total
-------------------------+-------+-------+-------+-------+-------++-------
Melee: Unarmed           |     2 |       |       |       |       ||     2
       Dagger            |    19 |       |       |       |       ||    19
       Hand axe          |    25 |    64 |    12 |       |       ||   101
       War axe           |       |       |    89 |   302 |   116 ||   507
 Cast: Flame Tongue      |    53 |   109 |   191 |   126 |    22 ||   501
       Throw Flame       |     3 |       |     6 |       |       ||     9
       Conjure Flame     |       |     2 |    10 |    12 |       ||    24
       Sticky Flame      |       |       |    25 |    79 |    54 ||   158
       Fireball          |       |       |     2 |    43 |    29 ||    74
       Blink             |       |       |       |     6 |     1 ||     7
       Borgnjor's Vile C |       |       |       |       |     1 ||     1
Invok: Curse Item        |       |       |     3 |     1 |     1 ||     5
Evoke: Wand              |       |       |     2 |     4 |     1 ||     7
  Use: Scroll            |       |     7 |     8 |     7 |     1 ||    23
       Potion            |       |     3 |       |       |     1 ||     4
 Stab: Sleeping          |     2 |       |     2 |       |       ||     4
  Eat: Chunk             |     4 |     6 |    14 |    32 |    17 ||    73
       Ration            |       |       |     3 |     4 |     2 ||     9
Armor: Robe              |    14 |    33 |    38 |   130 |    25 ||   240
Dodge: Dodged            |    42 |    87 |   118 |   220 |   105 ||   572
Block: Other             |       |       |       |    32 |     1 ||    33
       Shield            |       |       |       |       |   168 ||   168
